 Dungeon Crawl Stone Soup version 0.18.1-48-g4cf74bf (webtiles) character file.

8698 Peloso the Blocker (level 11, -5/95 HPs)
             Began as a Minotaur Fighter on July 1, 2016.
             Was a High Priest of Okawaru.
             Engulfed by a minotaur's flame (10 damage)
             ... in a labyrinth.
             The game lasted 00:30:06 (8889 turns).

Peloso the Blocker (Minotaur Fighter)               Turns: 8889, Time: 00:30:06

Health: -5/95      AC: 14    Str: 27    XL:     11   Next: 13%
Magic:  10/10      EV: 18    Int:  5    God:    Okawaru [*****.]
Gold:   463        SH: 14    Dex: 19    Spells: 0 memorised, 10 levels left

rFire  + . .     SeeInvis .     L - +3 long sword (flame)
rCold  . . .     Gourm    .     g - +0 chain mail
rNeg   . . .     Faith    .     c - +0 shield
rPois  .         Spirit   .     (helmet restricted)
rElec  .         Dismiss  .     Q - +0 cloak
rCorr  .         Reflect  .     (no gloves)
SustAt .         Harm     .     q - +0 pair of boots
MR     .....                    z - amulet of regeneration
Stlth  ..........               h - ring of protection from fire
                                v - +2 ring of dexterity

@: mighty, agile, not resistant to hostile enchantments, extremely unstealthy
A: retaliatory headbutt, horns 2
a: Heroism, Finesse, Renounce Religion


You were in a labyrinth.
You worshipped Okawaru.
Okawaru was extremely pleased with you.
You were not hungry.

You visited 2 branches of the dungeon, and saw 12 of its levels.
You also visited: Labyrinth.

You collected 605 gold pieces.
You spent 142 gold pieces at shops.

Inventory:

Hand Weapons
 a - a +0 long sword
 L - a +3 long sword of flaming (weapon)
Armour
 c - a +0 shield (worn)
 g - a +0 chain mail (worn)
 q - a +0 pair of boots (worn)
 Q - a +0 cloak (worn)
Jewellery
 h - a ring of protection from fire (right hand)
 k - an uncursed ring of sustain attributes
 v - a +2 ring of dexterity (left hand)
 z - an amulet of regeneration (around neck)
 C - an uncursed ring of magical power
Wands
 b - a wand of iceblast (8/15)
 o - a wand of acid (9/15)
 t - a wand of flame (24/48)
 x - a wand of disintegration (7/24)
 A - a wand of random effects (17/48)
 I - a wand of disintegration (13/24)
 J - a wand of lightning (11/15)
 K - a wand of paralysis (12/24)
Scrolls
 e - 2 scrolls of enchant weapon
 j - 5 scrolls of teleportation
 m - a scroll of amnesia
 p - 2 scrolls of fog
 E - 4 scrolls of remove curse
 G - 2 scrolls of magic mapping
Potions
 d - a potion of might
 n - 2 potions of brilliance
 r - 4 potions of heal wounds
 s - a potion of agility
 w - a potion of magic
 B - 5 potions of curing
 M - a potion of haste
 O - 2 potions of invisibility
 R - a potion of cancellation {unknown}
Books
 y - a book of Power

   Spells                             Type                      Level
   a - Fulminant Prism                Conjuration/Hexes            4
   b - Iskenderun's Mystic Blast      Conjuration                  4
   c - Venom Bolt                     Conjuration/Poison           5
   d - Bolt of Magma                  Conjuration/Fire/Earth       5
   e - Iron Shot                      Conjuration/Earth            6
   f - Orb of Destruction             Conjuration                  7
   g - Spellforged Servitor           Conjuration/Summoning        7
 D - a book of the Warp

   Spells                             Type                      Level
   a - Recall                         Summoning/Translocation      3
   b - Gell's Gravitas                Hexes/Translocation          3
   c - Force Lance                    Conjuration/Translocation    4
   d - Warp Weapon                    Charms/Translocation         5
   e - Summon Forest                  Summoning/Translocation      5
Comestibles
 f - 15 bread rations
 l - 6 slices of pizza
 u - a beef jerky
 F - 5 meat rations
 P - 2 royal jellies


   Skills:
 + Level 8.4 Fighting
 + Level 9.5 Long Blades
 + Level 10.2 Armour
 + Level 7.6 Dodging
 + Level 1.1 Stealth
 + Level 11.3 Shields
 + Level 1.3 Invocations


You had 10 spell levels left.
You didn't know any spells.

Dungeon Overview and Level Annotations

Branches:
Dungeon (11/15)            Temple (1/1) D:6            Lair (0/8) D:11
    Orc: D:9-12

Altars:
Ashenzari
Cheibriados
Dithmenos
Elyvilon
Fedhas
Gozag
Kikubaaqudgha
Makhleb
Nemelex Xobeh
Okawaru
Pakellas
Qazlal
Ru
Sif Muna
Trog
Vehumet
Xom
Yredelemnul
Zin
The Shining One

Shops:
D:9 ?!:


Innate Abilities, Weirdness & Mutations

You reflexively headbutt those who attack you in melee.
You have a pair of horns on your head.


Message History

The minotaur is lightly wounded.
You are engulfed in roaring flames.
You resist.
* * * LOW HITPOINT WARNING * * *
You block the minotaur's attack.
The minotaur gores you but does no damage.
The minotaur hits you with a rod of clouds!
* * * LOW HITPOINT WARNING * * *
You block the minotaur's attack.
You hit the minotaur but do no damage.
The minotaur is lightly wounded.
You are engulfed in roaring flames.
You resist.
The minotaur hits you with a rod of clouds.
* * * LOW HITPOINT WARNING * * *
The minotaur completely misses you. You block the minotaur's attack. x2
Unknown command.
You slash the minotaur! You burn the minotaur.
You headbutt the minotaur, but do no damage.
The minotaur is moderately wounded.
You are engulfed in roaring flames.
You resist.
You die...

# # #.# .. ###
# . ## # #. .#
#. .###.#. .# .
##. # # #.. .#.
# .. . .# . ..
####. ...... ..
. . # #. .###
####### ... . #
##.#
#..ยงยง@#.#####
. # #.###H#..#
#. . #.#.#.#
### # #
.#.#.###.#.#.#.
. . #..#
......#.#..## #
. #######.#<#
.# #.. ... .
.#.#. # # .
#..#
##.####.#.#. #
. # ..#....#
#.# #.##.#


You could see a minotaur.

Vanquished Creatures
  The ghost of Reudenith the Severer, a novice MiFi of Qazlal (D:9)
  The ghost of Venard the Shield-Bearer, a novice DgWn (D:8)
  An unseen horror (D:10)
  2 hill giants (D:10)
  Pikel (D:9)
  Joseph (D:7)
  Psyche (D:10)
  A centaur skeleton (D:10)
  A spriggan (D:8)
  A hungry ghost (D:8)
  A hippogriff (D:8)
  A steam dragon (D:8)
  2 ice beasts
  A slave (D:9)
  A phantom (D:4)
  2 sky beasts
  A black bear (D:7)
  3 orc warriors
  6 ogres
  A centaur (D:8)
  5 giant frogs
  2 big kobolds (D:10)
  A gnoll sergeant (D:7)
  Blork the orc (D:4)
  A water moccasin zombie (D:9)
  2 wyvern skeletons
  A scorpion (D:7)
  8 killer bees
  8 wights (D:9)
  A howler monkey (D:4)
  3 crimson imps
  3 giant frog zombies
  2 jellies
  A centaur zombie (D:8)
  A giant frog skeleton (D:10)
  Crazy Yiuf (D:7)
  4 hounds
  4 orc priests
  10 orc wizards
  An iguana (D:9)
  6 worker ants
  A hound skeleton (D:5)
  Robin (D:3)
  3 gnolls (D:7)
  16 adders
  An ooze (D:2)
  2 worms
  2 dart slugs
  2 giant geckos
  35 orcs
  4 ball pythons
  5 giant cockroaches
  12 goblins
  8 hobgoblins
  4 jackals
  4 quokkas
  6 bats
  6 giant newts
  13 kobolds
  A quokka skeleton (D:4)
  7 rats
229 creatures vanquished.

Vanquished Creatures (others)
  A hydra (D:4)
  3 slaves (D:9)
  An ogre (D:9)
  A wight (D:9)
  5 orcs
11 creatures vanquished.

Grand Total: 240 creatures vanquished

Notes
Turn   | Place    | Note
--------------------------------------------------------------
     0 | D:1      | Peloso the Minotaur Fighter began the quest for the Orb.
     0 | D:1      | Reached XP level 1. HP: 19/19 MP: 0/0
   132 | D:1      | Reached XP level 2. HP: 27/27 MP: 1/1
   714 | D:2      | Reached skill level 4 in Shields
   740 | D:2      | Reached XP level 3. HP: 32/33 MP: 2/2
   866 | D:2      | Found a snail-covered altar of Cheibriados.
  1421 | D:3      | Reached XP level 4. HP: 40/40 MP: 3/3
  1443 | D:3      | Noticed Robin
  1472 | D:3      | HP: 1/40 [something (4)]
  1473 | D:3      | Killed Robin
  1690 | D:3      | Reached skill level 1 in Dodging
  1802 | D:3      | Reached XP level 5. HP: 34/46 MP: 4/4
  1864 | D:3      | Reached skill level 5 in Shields
  2321 | D:4      | Reached skill level 5 in Armour
  2321 | D:4      | Reached XP level 6. HP: 43/52 MP: 5/5
  2386 | D:4      | Noticed Blork the orc
  2398 | D:4      | Killed Blork the orc
  2398 | D:4      | Reached skill level 6 in Shields
  2593 | D:4      | Found an oddly glowing altar of Pakellas.
  2594 | D:4      | Noticed a six-headed hydra
  2604 | D:4      | Killed a six-headed hydra
  2616 | D:4      | Reached XP level 7. HP: 60/60 MP: 6/6
  3029 | D:5      | Entered Level 5 of the Dungeon
  3745 | D:6      | Found a glowing golden altar of the Shining One.
  3844 | D:6      | Found a staircase to the Ecumenical Temple.
  3868 | Temple   | Entered the Ecumenical Temple
  3914 | Temple   | Became a worshipper of Warmaster Okawaru
  4086 | D:6      | Reached skill level 7 in Shields
  4096 | D:6      | Found a snail-covered altar of Cheibriados.
  4224 | D:6      | Found a glowing silver altar of Zin.
  4234 | D:6      | Found a bloodstained altar of Trog.
  4446 | D:6      | Reached XP level 8. HP: 58/67 MP: 7/7
  4649 | D:7      | Reached skill level 5 in Fighting
  4699 | D:7      | Reached skill level 5 in Long Blades
  4891 | D:7      | Reached * piety under Okawaru
  4905 | D:7      | Reached skill level 5 in Dodging
  4920 | D:7      | Reached skill level 8 in Shields
  5111 | D:7      | Noticed Crazy Yiuf
  5122 | D:7      | Killed Crazy Yiuf
  5158 | D:7      | Noticed Joseph
  5175 | D:7      | Killed Joseph
  5175 | D:7      | Reached ** piety under Okawaru
  5175 | D:7      | Reached XP level 9. HP: 45/75 MP: 8/8
  5447 | D:8      | Noticed Venard's ghost (novice DgWn)
  5473 | D:8      | Killed Venard's ghost
  5473 | D:8      | Reached skill level 9 in Shields
  5625 | D:8      | Reached *** piety under Okawaru
  6428 | D:8      | Reached XP level 10. HP: 81/86 MP: 7/9
  6514 | D:9      | Found Odessah's Magic Scroll Emporium.
  6537 | D:9      | Bought a scroll of magic mapping for 45 gold pieces
  6537 | D:9      | Bought a scroll of magic mapping for 45 gold pieces
  6592 | D:9      | Bought a scroll of identify for 26 gold pieces
  6592 | D:9      | Bought a scroll of identify for 26 gold pieces
  6625 | D:9      | Reached **** piety under Okawaru
  6701 | D:9      | Noticed Pikel
  6713 | D:9      | Killed Pikel
  6713 | D:9      | Reached skill level 1 in Stealth
  6713 | D:9      | Reached skill level 10 in Shields
  6771 | D:9      | Noticed Reudenith's ghost (novice MiFi)
  6782 | D:9      | Killed Reudenith's ghost
  6782 | D:9      | Reached skill level 1 in Invocations
  6877 | D:9      | Found Puix's Distillery.
  6915 | D:9      | Found Plog's Book Shop.
  7209 | D:10     | Entered Level 10 of the Dungeon
  7383 | D:10     | Killed an unseen horror
  7383 | D:10     | Reached ***** piety under Okawaru
  7519 | D:10     | Reached skill level 11 in Shields
  7547 | D:10     | Noticed a hill giant
  7573 | D:10     | Killed a hill giant
  7573 | D:10     | Received a gift from Okawaru
  7573 | D:10     | Reached skill level 10 in Armour
  7910 | D:10     | Noticed a hill giant
  7923 | D:10     | Killed a hill giant
  7923 | D:10     | Reached XP level 11. HP: 30/94 MP: 7/10
  8301 | D:10     | Noticed Psyche
  8314 | D:10     | Killed Psyche
  8487 | D:11     | Found a labyrinth entrance.
  8493 | Lab      | Entered a labyrinth
  8883 | Lab      | Noticed a minotaur
  8889 | Lab      | Engulfed by a minotaur's flame

Skill      XL: |  1  2  3  4  5  6  7  8  9 10 |
---------------+-------------------------------+-----
Armour         | 4 5 6 7 9 10 | 10.2
Shields        | 4 5 6 7 8 9 11 | 11.3
Fighting       | 4 6 7 8 |  8.4
Long Blades    | 3 4 6 7 9 |  9.5
Dodging        | 1 2 3 4 5 6 7 |  7.6
Stealth        | 1 |  1.1
Invocations    | 1 |  1.3

Action                   |  1- 3 |  4- 6 |  7- 9 | 10-12 || total
-------------------------+-------+-------+-------+-------++-------
Melee: Long sword        |    85 |   137 |   354 |   265 ||   841
       Headbutt          |    14 |    19 |    78 |    67 ||   178
Invok: Heroism           |       |       |     3 |     6 ||     9
  Use: Scroll            |       |       |    16 |     7 ||    23
       Potion            |       |       |       |     2 ||     2
 Stab: Invisible         |       |       |       |     1 ||     1
  Eat: Chunk             |     1 |     5 |    16 |     7 ||    29
       Beef jerky        |       |       |     1 |     1 ||     2
Armor: Scale mail        |    36 |    68 |   103 |       ||   207
       Chain mail        |       |       |    10 |    80 ||    90
Dodge: Dodged            |    29 |    65 |   135 |    49 ||   278
Block: Shield            |    57 |    97 |   213 |   149 ||   516
